Map: Orbital Shipyard

Players

Kelazhur - Winner!

  • Race: Terran Terran
  • League: Gold

Fenna (fenn3r)

  • Race: Zerg Zerg
  • League: Master

Event: ASL Season 5 Prime League LOTV Beta

VOD

Have the link to the VOD?

Description

Time

  • Played on: Sept. 7, 2015, 10:15 p.m.
  • Length: 9:32

All games in this series

Show
View Real Time Build Order
Export as new Build Order

Kelazhur Terran - Winner!

Build Orders: Reaper Expand 

Get SALT Encoding   

  12  0:01  SCV  
  13  0:13  SCV  
  14  0:18  Supply Depot  
  14  0:25  SCV  
  15  0:40  SCV, Barracks  
  16  0:45  Refinery  
  16  0:52  SCV  
  17  1:04  SCV  
  18  1:16  SCV  
  19  1:29  Orbital Command  
  19  1:31  Reaper  
  20  1:33  Supply Depot  
  20  1:45  Command Center  
  20  1:54  Refinery  
  20  1:55  SCV  
  21  2:03  Reaper  
  21  2:07  SCV  
  23  2:19  SCV  
  24  2:24  Factory  
  24  2:31  SCV  
  25  2:38  Barracks Reactor  
  25  2:47  SCV  
  25  2:51  Command Center  
  26  2:58  Orbital Command  
  26  2:59  SCV  
  27  3:22  SCV  
  27  3:23  Starport  
  27  3:34  SCV, Bunker  
  27  3:36  SCV  
  27  3:37  Factory Tech Lab  
  27  3:38  Marine x2  
  31  3:46  SCV  
  32  3:48  SCV  
  33  3:56  Marine x2  
  33  3:59  SCV  
  33  4:00  SCV  
  37  4:04  Factory Tech Lab, Orbital Command  
  37  4:06  Banshee, Cloaking Field  
  40  4:11  SCV  
  40  4:13  SCV, Marine  
  40  4:14  Marine  
  44  4:23  SCV  
  45  4:25  SCV  
  46  4:31  Marine  
  46  4:35  SCV  
  49  4:45  Siege Tank, Marine  
  47  4:46  SCV  
  47  4:49  Banshee  
  48  4:55  SCV  
  48  4:58  SCV  
  48  4:59  Barracks x2  
  49  5:01  Barracks  
  49  5:02  Barracks  
  48  5:07  SCV  
  48  5:10  SCV  
  48  5:13  SCV  
  51  5:17  Barracks Tech Lab  
  51  5:19  SCV, Siege Tank  
  55  5:22  SCV  
  55  5:25  SCV, Refinery x2  
  55  5:26  Engineering Bay  
  55  5:27  Engineering Bay  
  57  5:31  SCV  
  57  5:34  SCV  
  59  5:37  SCV  
  60  5:43  SCV  
  60  5:47  Supply Depot x3  
  61  5:50  Barracks Reactor  
  61  5:51  Barracks Reactor  
  61  6:08  Banshee, SCV x3, Marine  
  61  6:11  Orbital Command  
  68  6:20  SCV x2  
  68  6:23  Terran Infantry Weapons Level 1, Terran Infantry Armor Level 1  
  70  6:27  Barracks x2  
  70  6:28  Barracks  
  70  6:32  SCV, Marine x3  
  71  6:33  Marine  
  71  6:38  Siege Tank  
  75  6:41  Marauder, Marine  
  75  6:44  SCV  
  80  6:47  SCV x2  
  80  6:49  Marine  
  80  6:50  Marine x2  
  84  6:55  Barracks Reactor, Marine  
  85  7:08  Starport Reactor  
  85  7:09  Supply Depot x2  
  85  7:10  SCV x3, Supply Depot  
  85  7:15  Marauder, Marine x3  
  91  7:18  Barracks Reactor x3  
  91  7:19  Barracks Reactor  
  93  7:23  Missile Turret  
  93  7:24  Missile Turret x2  
  93  7:27  Missile Turret  
  93  7:28  Missile Turret  
  93  7:29  Armory  
  93  7:30  SCV x3, Factory Reactor, Marine  
  93  7:32  Refinery, Marine x2  
  93  7:33  Supply Depot, Marine  
  93  7:37  Marauder  
  102  7:39  Barracks Tech Lab  
  102  7:40  Marine x2  
  102  7:42  SCV x3  
  104  7:45  Medivac  
  104  7:47  Factory  
  104  7:48  Marine  
  107  7:54  Marine  
  107  7:55  Marine x5  
  107  7:58  Marauder  
  118  8:01  Marine  
  118  8:02  Combat Shields, Refinery  
  117  8:08  Command Center  
  117  8:10  Supply Depot, Marauder  
  117  8:11  Supply Depot  
  117  8:12  Medivac  
  119  8:15  Widow Mine, Medivac  
  119  8:17  Widow Mine  
  119  8:19  Marauder  
  127  8:25  Marine  
  128  8:30  Marine  
  128  8:31  Marine x8  
  128  8:32  Marauder  
  139  8:38  Widow Mine  
  139  8:39  Marine  
  139  8:41  Marauder  
  144  8:42  Medivac  
  144  8:43  Widow Mine  
  144  8:48  Marine  
  149  8:52  Marine x3  
  149  8:54  Supply Depot  
  149  8:55  Supply Depot  
  149  8:56  Widow Mine  
  149  8:57  Marine x4  
  149  8:58  Marauder  
Show
View Real Time Build Order
Export as new Build Order

Fenna Zerg 

Build Orders: 2 Base Ravager, Hatch First, Ravager All-In 

Get SALT Encoding   

  12  0:01  Drone  
  13  0:13  Overlord  
  13  0:17  Drone  
  14  0:31  Drone x2  
  14  0:35  Drone  
  17  0:52  Hatchery  
  17  0:56  Drone  
  17  0:58  Drone  
  18  1:07  Drone  
  19  1:14  Spawning Pool  
  19  1:18  Drone  
  19  1:29  Drone  
  20  1:35  Extractor  
  20  1:39  Drone  
  20  1:50  Drone  
  21  2:00  Extractor  
  21  2:01  Queen  
  20  2:04  Zergling x2  
  20  2:05  Drone  
  20  2:06  Queen  
  26  2:12  Drone  
  27  2:15  Drone  
  27  2:21  Roach Warren  
  27  2:24  Drone  
  28  2:30  Overlord  
  27  2:37  Overlord x2  
  27  2:47  Drone  
  27  2:56  Drone  
  28  3:02  Roach  
  28  3:04  Roach  
  31  3:13  Roach  
  31  3:14  Roach x3  
  35  3:29  Drone x3  
  38  3:35  Ravager x3  
  41  3:48  Ravager  
  42  3:53  Drone x4  
  46  4:00  Ravager  
  47  4:09  Overlord  
  47  4:13  Ravager  
  48  4:17  Drone x4  
  49  4:42  Overlord  
  49  4:43  Drone x8  
  54  4:47  Lair  
  54  4:56  Drone x5  
  54  4:59  Extractor  
  49  5:07  Drone x2  
  51  5:14  Drone  
  51  5:16  Drone x3  
  51  5:17  Drone  
  51  5:18  Spore Crawler  
  51  5:19  Spore Crawler  
  51  5:20  Overlord, Extractor  
  53  5:30  Spore Crawler  
  53  5:34  Overlord  
  53  5:35  Drone x3  
  52  5:51  Spire  
  51  5:58  Overlord  
  51  5:59  Queen  
  51  6:12  Overlord  
  51  6:15  Overseer  
  49  6:24  Queen  
  49  6:34  Drone x2, Overlord  
  49  6:35  Overlord x2  
  51  6:41  Hatchery  
  51  6:43  Overseer  
  48  7:01  Drone x4  
  47  7:05  Mutalisk x5  
  47  7:06  Mutalisk x3  
  59  7:16  Overlord  
  59  7:20  Pneumatized Carapace  
  59  7:22  Drone x2  
  61  7:23  Drone x2  
  63  7:36  Drone x2  
  66  7:37  Drone  
  66  7:46  Mutalisk x2  
  70  7:52  Extractor  
  70  7:54  Overlord, Mutalisk  
  70  7:58  Evolution Chamber, Overlord  
  71  7:59  Drone  
  71  8:00  Drone  
  71  8:01  Evolution Chamber  
  71  8:04  Hatchery  
  71  8:06  Drone x2  
  73  8:20  Queen  
  73  8:26  Overlord  
  75  8:28  Drone x7  
  82  8:44  Overlord  
  82  8:48  Drone x6  
  88  9:02  Drone x8  
Tags
 
Add a new tag
Caveats
  • Supply blocks, unpowered buildings, or Contaminate may cause inaccurate times.
  • Supply counts are checked every 10 seconds.